AoeStats
← RickSteel2

Arabia

507165244Analyzed
1v1 RM · 16d ago on Sep 16, 2026· 48m 6s· 2 players
Game mode
Random Map
Map size
Tiny (2 player)
Population
200
Speed
Normal
Resources
Standard
Victory
Conquest
Starting age
Dark Age
Ending age
Imperial Age
RankedLock teamsTeams togetherTeam positionsShared explorationLock speedFull tech treeHidden civsTurbo modeCheats
Victory
Defeat
🇺🇸 Magyars · United States
631
+18
🇺🇸 Maya · United States
673
-18
RickSteel2
7:19 Loom
10:39 Feudal Age
11:52 Double-Bit Axe
12:09 Horse Collar
18:45 Fletching
22:44 Castle Age
20:39 Gold Mining
20:54 Padded Archer Armor
22:18 Bloodlines
22:59 Scale Barding Armor
24:01 Bow Saw
23:53 Heavy Plow
24:22 Bodkin Arrow
25:09 Stone Mining
27:36 Wheelbarrow
28:09 Leather Archer Armor
28:42 Gold Shaft Mining
28:42 Husbandry
33:22 Thumb Ring
36:42 Imperial Age
36:08 Hand Cart
35:54 Murder Holes
36:09 Masonry
36:34 Fervor
36:55 Ballistics
38:45 Chemistry
37:45 Elite Magyar Huszar
39:14 Parthian Tactics
38:53 Bracer
39:41 Conscription
40:12 Ring Archer Armor
39:27 Light Cavalry
41:25 Chain Barding Armor
42:47 Hoardings
45:39 Two-Man Saw
45:11 Crop Rotation
44:49 Siege Engineers
45:27 Recurve Bow
45:12 Heavy Cavalry Archer
47:58 Corvinian Army
Hannibal
0:36 Loom
11:56 Feudal Age
20:33 Horse Collar
22:56 Castle Age
22:44 Forging
22:36 Scale Mail Armor
23:29 Elite Skirmisher
24:53 Fletching
25:39 Double-Bit Axe
26:46 Bodkin Arrow
26:50 Town Watch
27:59 Squires
29:39 Heavy Plow
29:56 Bow Saw
30:26 Wheelbarrow
30:34 Gold Mining
30:30 Pikeman
37:28 Imperial Age
34:58 Stone Mining
36:53 Iron Casting
36:36 Eagle Warrior
37:19 Hul'che Javelineers
38:18 Halberdier
39:57 Padded Archer Armor
40:47 Conscription
40:45 Hand Cart
42:47 Blast Furnace
41:48 Bracer
42:01 Masonry
46:45 Holcans
Connection lost

Rejoining the realm…

Still unreachable

The connection could not be restored.

Session expired

The server has moved on; the page needs a fresh start.